 Dungeon Crawl Stone Soup version 0.21.1-1-g345015fe64 (webtiles) character file.

489 HooM the Skirmisher (level 7, -4/61 HPs)
             Began as a Hill Orc Fighter on Mar 14, 2018.
             Was a Follower of Yredelemnul.
             Slain by Duvessa
             ... wielding a +0 short sword of speed
              (5 damage)
             ... on level 4 of the Dungeon.
             The game lasted 00:18:22 (2240 turns).

HooM the Skirmisher (Hill Orc Fighter)              Turns: 2240, Time: 00:18:23

Health: -4/61      AC:  8    Str: 23    XL:     7   Next: 14%
Magic:  7/7        EV:  7    Int:  8    God:    Yredelemnul [*.....]
Gold:   136        SH: 14    Dex: 10    Spells: 6/6 levels left

rFire    . . .     SeeInvis .   p - +2 war axe (flame)
rCold    . . .     Gourm    .   c - +0 shield
rNeg     . . .     Faith    .   b - +0 scale mail
rPois    .         Spirit   .   (no helmet)
rElec    .         Reflect  +   (no cloak)
rCorr    .         Harm     .   v - +0 pair of gloves
MR       .....                  (no boots)
Stlth    ..........             k - +4 amulet of reflection
HPRegen  0.20/turn              a - +2 ring of strength
MPRegen  0.10/turn              (no ring)

@: lethally poisoned (-4 -> -5)
A: no striking features
a: Animate Remains, Renounce Religion


You were on level 4 of the Dungeon.
You worshipped Yredelemnul.
Yredelemnul was aware of your devotion.
You were not hungry.

You visited 1 branch of the dungeon, and saw 4 of its levels.

You collected 136 gold pieces.

Inventory:

Hand Weapons
 p - a +2 war axe of flaming (weapon)
Missiles
 e - 116 stones (quivered)
Armour
 b - a +0 scale mail (worn)
 c - a +0 shield (worn)
 v - a +0 pair of gloves (worn)
Jewellery
 a - a +2 ring of strength (left hand)
 h - an uncursed amulet of rage
 k - a +4 amulet of reflection (around neck)
Wands
 w - a wand of random effects (31)
Scrolls
 i - 2 scrolls of teleportation
 j - 4 scrolls of blinking
 l - a scroll of fear
 m - 2 scrolls of remove curse
 r - a scroll of identify
 t - a scroll of immolation {unknown}
 u - a scroll of enchant weapon {unknown}
 x - a scroll of fog {unknown}
Potions
 d - 4 potions of might
 g - a potion of cancellation
 n - a potion of brilliance {unknown}
 o - a potion of resistance {unknown}
 q - a potion of lignification {unknown}
 s - a potion of berserk rage {unknown}
 z - 2 potions of haste {unknown}
Comestibles
 f - 7 rations


   Skills:
 * Level 5.4 Fighting
 * Level 4.9 Axes
 + Level 2.4 Throwing
 * Level 4.8 Armour
 * Level 4.8 Shields
 + Level 0.7 Invocations


You had 6 spell levels left.
You didn't know any spells.

Dungeon Overview and Level Annotations

Branches:
Dungeon (4/15)
 Temple: D:4-7

Altars:
Fedhas
Gozag
Nemelex Xobeh
Yredelemnul

Annotations:
D:4 Duvessa


Message History

You block Duvessa's attack. x2
Duvessa hits you with a short sword of speed!
* * * LOW HITPOINT WARNING * * *
You slash Duvessa! You burn Duvessa.
Duvessa is severely wounded.
You feel sick. You block Duvessa's attack.
Duvessa hits you with a short sword of speed.
* * * LOW HITPOINT WARNING * * *
You hit Duvessa but do no damage.
Duvessa is severely wounded.
Duvessa hits you but does no damage. x2
Your scale mail prevents you from hitting Duvessa.
Duvessa is severely wounded.
You feel sick.
Duvessa hits you with a short sword of speed!
* * * LOW HITPOINT WARNING * * *
Duvessa completely misses you.
Duvessa hits you with a short sword of speed.
You die...
Your body rises from the dead as a mindless zombie.

..##### ....... # ######.
#. #.... #.#.#######.###
#.#.........###
..#............
#(#######.+............
#....)@##.#............
.....$.#e##[#............
.......#.##.#............
.......#........#######..
.......####.###.# ##
....... #.# #.# .......
#.# #.# ....... #.. ...
... ..#


You could see Duvessa (berserk).

Vanquished Creatures
  The ghost of Gaplan the Shield-Bearer, an amateur GrFi (D:4)
  A scorpion (D:4)
  Dowan (D:4)
  A howler monkey (D:2)
  An orc priest (D:3)
  3 orc wizards (D:3)
  A worker ant (D:4)
  A gnoll (D:1)
  4 adders
  A worm (D:3)
  2 dart slugs (D:1)
  A leopard gecko (D:2)
  8 orcs (D:3)
  4 bats
  3 giant cockroaches
  6 goblins
  6 hobgoblins
  2 jackals (D:2)
  A quokka (D:3)
  A ball python (D:3)
  5 frilled lizards
  7 kobolds
  4 rats
65 creatures vanquished.

Vanquished Creatures (collateral kills)
  A bat (D:3)
1 creature vanquished.

Vanquished Creatures (others)
  An orc zombie (D:3)
  A frilled lizard zombie (D:4)
2 creatures vanquished.

Grand Total: 68 creatures vanquished

Notes
Turn   | Place    | Note
-------+----------+-------------------------------------------
     0 | D:1      | HooM the Hill Orc Fighter began the quest for the Orb.
     0 | D:1      | Reached XP level 1. HP: 19/19 MP: 1/1
   154 | D:1      | Reached skill level 4 in Fighting
   154 | D:1      | Reached XP level 2. HP: 27/27 MP: 2/2
   432 | D:1      | Reached XP level 3. HP: 32/33 MP: 3/3
   609 | D:2      | Reached skill level 1 in Throwing
   609 | D:2      | Reached XP level 4. HP: 33/41 MP: 4/4
   614 | D:2      | Found a basalt altar of Yredelemnul.
   689 | D:2      | Became a worshipper of Yredelemnul the Dark
  1300 | D:3      | Found a blossoming altar of Fedhas.
  1322 | D:3      | Reached XP level 5. HP: 44/47 MP: 5/5
  1476 | D:3      | Found a basalt altar of Yredelemnul.
  1564 | D:3      | Reached * piety under Yredelemnul
  1735 | D:3      | Reached XP level 6. HP: 19/55 MP: 6/6
  1755 | D:3      | Reached skill level 5 in Fighting
  1957 | D:3      | Found an opulent altar of Gozag.
  1958 | D:3      | Found a sparkling altar of Nemelex Xobeh.
  2120 | D:4      | Noticed Gaplan's ghost (amateur GrFi)
  2134 | D:4      | Killed Gaplan's ghost
  2215 | D:4      | Noticed Duvessa
  2216 | D:4      | Noticed Dowan
  2234 | D:4      | Reached XP level 7. HP: 37/61 MP: 7/7
  2235 | D:4      | Killed Dowan
  2240 | D:4      | HP: 1/61 [Duvessa/short sword of speed (9)]
  2240 | D:4      | Slain by Duvessa

Skill      XL: |  1  2  3  4  5  6 |
---------------+-------------------+-----
Fighting       | 4 5 |  5.4
Axes           | 3 4 |  4.9
Throwing       | 1 2 |  2.4
Armour         | 4 |  4.8
Shields        | 4 |  4.8
Invocations    | |  0.7

Action                   |  1- 3 |  4- 6 |  7- 9 || total
-------------------------+-------+-------+-------++-------
Melee: War axe           |    58 |   143 |     6 ||   207
Throw: Stone             |    28 |    52 |       ||    80
Invok: Animate Remains   |       |     4 |       ||     4
  Use: Scroll            |       |     5 |       ||     5
  Eat: Chunk             |       |     3 |       ||     3
       Ration            |       |     1 |       ||     1
Armor: Scale mail        |    29 |    50 |     3 ||    82
Dodge: Dodged            |    16 |    25 |     1 ||    42
Block: Shield            |    28 |    97 |     7 ||   132
       Reflection        |       |     1 |       ||     1
